 Dungeon Crawl Stone Soup version 0.23.2-40-g277498a001 (webtiles) character file.

Game seed: 12846193501456709683

144097 Kikorro the Warrior (level 16, -2/155 HPs)
             Began as a Minotaur Fighter on Sept 16, 2019.
             Was the Champion of Makhleb.
             Slain by Polyphemus (8 damage)
             ... on level 3 of the Shoals on Sept 20, 2019.
             The game lasted 01:58:37 (24847 turns).

Kikorro the Warrior (Minotaur Fighter)             Turns: 24847, Time: 01:58:38

Health: -2/155     AC: 30    Str: 34    XL:     16   Next: 84%
Magic:  22/22      EV: 17    Int:  3    God:    Makhleb [******]
Gold:   1653       SH: 15    Dex: 11    Spells: 15/15 levels left

rFire    . . .     SeeInvis .   M - +5 flail of Fisiavea {crush, Str+4}
rCold    + . .     Gourm    .   c - +0 shield
rNeg     . . .     Faith    .   r - +2 plate armour {rC+}
rPois    .         Spirit   .   h - +2 hat
rElec    +         Reflect  .   l - +0 cloak
rCorr    .         Harm     .   b - +2 pair of gloves {Str+3}
MR       ++...                  u - +2 pair of boots
Stlth    ..........             G - amulet "Atarph" {+Rage rElec MR+ Slay+2}
HPRegen  0.00/turn              F - ring of flight
MPRegen  0.18/turn              g - +4 ring of evasion

@: no status effects
A: retaliatory headbutt, horns 2, dopey 1, inhibited regeneration
a: Minor Destruction, Lesser Servant of Makhleb, Major Destruction, Greater
Servant of Makhleb, Renounce Religion, Evoke Berserk Rage, Evoke Flight


You were on level 3 of the Shoals.
You worshipped Makhleb.
Makhleb was exalted by your worship.
You were not hungry.

You visited 5 branches of the dungeon, and saw 27 of its levels.
You also visited: Ossuary and Gauntlet.

You collected 2853 gold pieces.
You spent 1200 gold pieces at shops.

Inventory:

Hand Weapons
 M - the +5 flail of Fisiavea (weapon) {crush, Str+4}
   (You found it on level 9 of the Dungeon)

   It inflicts extra damage upon your enemies.
   It affects your strength (+4).
 R - a +7 hunting sling
Armour
 b - a +2 pair of gloves of strength (worn)
 c - a +0 shield (worn)
 h - a +2 hat (worn)
 l - a +0 cloak (worn)
 r - a +2 plate armour of cold resistance (worn)
 u - a +2 pair of boots (worn)
 U - +0 acid dragon scales
Jewellery
 g - a +4 ring of evasion (right hand)
 s - an uncursed ring of ice
 y - a +4 ring of slaying
 z - an uncursed ring of poison resistance
 B - an uncursed ring of protection from magic
 C - the ring "Raaleczo" {*Tele rC+ Dex+2}
   (You found it in a Gauntlet)

   [ring of teleportation]

   It may teleport you next to monsters.
   It affects your dexterity (+2).
   It protects you from cold.
 F - a ring of flight (left hand)
 G - the amulet "Atarph" (around neck) {+Rage rElec MR+ Slay+2}
   (You found it on level 8 of the Dungeon)

   [amulet of rage]

   It affects your accuracy and damage with ranged weapons and melee attacks
   (+2).
   It insulates you from electricity.
   It affects your resistance to hostile enchantments.
   It lets you go berserk.
Wands
 v - a wand of iceblast (35)
 O - a wand of scattershot (6)
 V - a wand of digging (4)
 Y - a wand of disintegration (15)
Scrolls
 a - 5 scrolls of enchant weapon
 j - 5 scrolls of enchant armour
 k - a scroll of torment {unknown}
 n - 3 scrolls of magic mapping
 o - 11 scrolls of teleportation
 p - 2 scrolls of acquirement {unknown}
 t - a scroll of holy word
 x - 5 scrolls of fog
 A - 3 scrolls of blinking
 I - 3 scrolls of immolation
 N - 6 scrolls of remove curse
 P - a scroll of brand weapon
 Q - 2 scrolls of fear
 T - a scroll of amnesia
 X - a scroll of silence
Potions
 d - 4 potions of might
 e - 9 potions of invisibility
 i - 6 potions of curing
 m - 2 potions of haste
 w - a potion of ambrosia
 D - 4 potions of flight
 K - 3 potions of resistance
 W - 2 potions of cancellation
 Z - 2 potions of agility
Miscellaneous
 E - a phial of floods (inert)
 J - a fan of gales (inert)
 L - a lightning rod (4/4)
 S - a sack of spiders
Comestibles
 f - 42 rations
 H - 3 chunks of flesh


   Skills:
 + Level 17.5 Fighting
 - Level 15.0 Maces & Flails
 + Level 4.0 Throwing
 + Level 16.1 Armour
 + Level 8.7 Dodging
 + Level 2.1 Stealth
 - Level 16.2 Shields
 * Level 9.7 Invocations
 + Level 4.0 Evocations


You had 15 spell levels left.
You didn't know any spells.
Your spell library contained the following spells:

 Spells                   Type           Power        Failure   Level  Hunger
 Corona                   Hex            #......      95%         1    ##.....
 Flame Tongue             Conj/Fire      #....        95%         1    ##.....
 Magic Dart               Conj           #...         95%         1    ##.....
 Ensorcelled Hibernation  Hex/Ice        #.....       98%         2    ###....
 Searing Ray              Conj           #.....       98%         2    ###....
 Slow                     Hex            #.......     98%         2    ###....
 Throw Flame              Conj/Fire      #.....       98%         2    ###....
 Confuse                  Hex            #.......     100%        3    ####...
 Conjure Flame            Conj/Fire      #.......     100%        3    ####...
 Dazzling Spray           Conj/Hex       #.....       100%        3    ####...
 Inner Flame              Hex/Fire       #.......     100%        3    ####...
 Portal Projectile        Hex/Tloc       #.....       100%        3    ####...
 Static Discharge         Conj/Air       #.......     100%        3    ####...
 Tukima's Dance           Hex            #.......     100%        3    ####...
 Cause Fear               Hex            #.........   100%        4    #####..
 Force Lance              Conj/Tloc      #.......     100%        4    #####..
 Fulminant Prism          Conj/Hex       #.........   100%        4    #####..
 Iskenderun's Mystic Bla  Conj           #.......     100%        4    #####..
 Leda's Liquefaction      Hex/Erth       #.........   100%        4    #####..
 Sticky Flame             Conj/Fire      #.......     100%        4    #####..
 Fireball                 Conj/Fire      #.........   100%        5    ######.
 Irradiate                Conj/Tmut      #.........   100%        5    ######.
 Lightning Bolt           Conj/Air       #.........   100%        5    ######.
 Bolt of Fire             Conj/Fire      #.........   100%        6    #######
 Hydra Form               Tmut           #.........   100%        6    #######
 Statue Form              Tmut/Erth      #........    100%        6    #######
 Dragon Form              Tmut           #.........   100%        7    #######
 Ignition                 Fire           #.........   100%        8    #######
 Dragon's Call            Summ           #.........   100%        9    #######
 Shatter                  Erth           #.........   100%        9    #######
 Tornado                  Air            #.........   100%        9    #######


Dungeon Overview and Level Annotations

Branches:
Dungeon (15/15)            Temple (1/1) D:4            Lair (6/6) D:9
 Shoals (3/4) Lair:2        Snake (0/4) Lair:2          Orc (2/2) D:11
    Elf (0/3) Orc:2        Vaults (0/5) D:14         Depths (0/5) D:15
  Slime: Lair:5-6

Altars:
Ashenzari
Cheibriados
Dithmenos
Elyvilon
Fedhas
Gozag
Hepliaklqana
Kikubaaqudgha
Makhleb
Nemelex Xobeh
Okawaru
Qazlal
Ru
Sif Muna
Trog
Vehumet
Wu Jian
Yredelemnul
Zin
The Shining One

Shops:
D:5 [   D:12 }   D:13 *   Orc:1 *:   Orc:2 **:[

Annotations:
D:3 3 runed translucent doors, Quickbrownfox's ghost, amateur MiHu
Shoals:3 Polyphemus


Innate Abilities, Weirdness & Mutations

You reflexively headbutt those who attack you in melee.
You have a pair of horns on your head.
You are dopey. (Int -2)
You do not regenerate when monsters are visible.


Message History

* * * LOW HITPOINT WARNING * * *
You feel better. Polyphemus hits you.
* * * LOW HITPOINT WARNING * * *
Polyphemus closely misses you.
You hit Polyphemus.
Polyphemus is heavily wounded.
You bludgeon Polyphemus!!
Polyphemus is severely wounded.
Polyphemus hits you but does no damage. Polyphemus hits you.
* * * LOW HITPOINT WARNING * * *
You hit Polyphemus. You headbutt Polyphemus!
Polyphemus is severely wounded.
Polyphemus closely misses you. x2
You hit Polyphemus.
You headbutt Polyphemus, but do no damage.
Polyphemus is severely wounded.
You sock Polyphemus! You headbutt Polyphemus!
Polyphemus is almost dead.
You block Polyphemus's attack. Polyphemus hits you!
You die...

≈≈≈≈≈≈≈≈≈≈≈≈≈≈≈≈≈≈≈≈≈≈≈
≈≈≈≈≈≈≈≈≈≈≈≈≈≈≈≈≈≈≈≈≈≈≈≈
≈≈≈≈≈≈≈≈≈≈≈≈≈.≈≈≈≈≈≈≈≈≈≈
≈≈≈≈≈≈≈≈≈≈≈≈≈≈≈≈P≈P≈≈≈≈≈
≈≈≈≈≈≈≈≈≈≈≈≈≈≈≈..≈≈≈≈≈≈≈
≈≈≈≈≈≈≈≈≈≈≈≈≈≈..P≈PP≈P≈≈
≈≈≈≈≈≈≈≈≈≈≈≈P≈†..≈≈≈≈≈≈≈
≈≈≈≈≈≈≈≈≈≈≈≈≈..†C.)≈≈PP≈
≈≈≈≈≈≈≈≈≈≈.≈(.##@..≈..P≈
≈≈≈≈ ≈≈≈≈≈≈≈†.....≈P≈≈≈≈
≈≈≈ ≈≈≈≈≈≈≈≈..≈..≈≈..≈≈
≈ ≈≈≈≈≈≈≈≈≈≈≈..≈...≈≈ ≈
≈≈≈≈≈≈≈≈≈≈≈!$≈.P.≈≈ ≈
≈≈≈≈≈≈≈≈≈≈≈≈≈.P.≈≈≈
≈≈≈≈≈≈≈≈≈≈.≈.(..≈≈≈
≈≈≈≈≈≈≈≈≈≈≈≈≈≈≈≈≈≈≈


You could see Polyphemus.

Vanquished Creatures
  Jorgrun (D:12)
  Gastronok (D:12)
  An orc warlord (Orc:1)
  The ghost of terix the Fighter, a journeyman DsNe of Okawaru (Lair:4)
  A stone giant (Orc:1)
  Azrael (D:15)
  A minotaur (Gauntlet)
  An ettin (Orc:1)
  A merfolk javelineer (Shoals:3)
  8 hydras
  Fannar (Orc:1)
  2 vault guards (D:14)
  6 centaur warriors
  4 catoblepae
  4 ogre magi (Orc:2)
  A satyr (Shoals:3)
  17 two-headed ogres
  An alligator snapping turtle (Shoals:2)
  A merfolk aquamancer (Shoals:3)
  8 death yaks
  An orc high priest (Orc:1)
  A hell hog (Gauntlet)
  5 hell knights (D:15)
  A soul eater (D:15)
  6 skeletal warriors
  An unseen horror (shapeshifter) (D:15)
  5 unseen horrors
  A tengu zombie (D:15)
  3 sea snakes
  A deep elf archer (Orc:1)
  2 obsidian statues (D:15)
  14 harpies
  2 oklob plants (Lair:3)
  A wolf spider (D:13)
  A necromancer (D:15)
  A phantasmal warrior (D:15)
  3 orc sorcerers
  5 deep elf magi (Orc:1)
  4 ugly things
  6 manticores
  4 cyclopes
  A stone giant zombie (D:15)
  8 fauns
  4 black mambas
  A frost giant zombie (D:15)
  3 merfolk sirens
  Joseph (D:7)
  2 water nymphs (Shoals:3)
  An orange demon (D:15)
  2 gargoyles
  A rust devil (D:15)
  A smoke demon (D:15)
  10 rime drakes
  16 spiny frogs
  3 centaur skeletons
  3 kobold demonologists (D:15)
  A guardian mummy (D:15)
  4 hellwings (D:15)
  3 ice devils (D:15)
  4 komodo dragons
  3 red devils (D:15)
  10 trolls
  3 wind drakes
  2 polar bears
  Prince Ribbit (D:7)
  6 merfolk
  16 slime creatures
  13 blink frogs
  8 hippogriffs
  2 dream sheep (D:10)
  3 flying skulls (Gauntlet)
  An ice dragon skeleton (D:15)
  A wyvern (D:9)
  Eustachio (D:5)
  A shadow (D:14)
  9 humans (D:14)
  56 yaks
  A ynoxinul (D:15)
  4 fire bats (Gauntlet)
  A hungry ghost (D:11)
  4 fire elementals (D:15)
  4 basilisks
  A chaos spawn (D:15)
  5 water elementals
  2 vampire mosquitoes (D:14)
  Menkaure (D:4)
  Edmund (D:5)
  3 wargs (Orc:1)
  2 nagas (Lair:2)
  An acid dragon (D:14)
  A floating eye (shapeshifter) (Gauntlet)
  13 water moccasins
  3 porcupines
  4 hell hounds
  6 ice beasts
  Duvessa (D:7)
  5 sky beasts
  28 orc warriors
  4 eyes of draining
  2 phantoms
  3 black bears
  A hornet zombie (D:6)
  31 ogres
  3 boggarts (D:11)
  8 wolves
  15 centaurs
  4 crocodiles
  14 big kobolds
  An elf zombie (Ossuary)
  18 bullfrogs
  2 gnoll sergeants
  Dowan (D:7)
  3 scorpions
  14 killer bees
  3 vampire bats (Lair:6)
  18 wights
  9 jellies
  A howler monkey (D:6)
  3 bullfrog zombies
  5 centaur zombies
  4 crimson imps
  8 hounds
  A human zombie (Ossuary)
  A bullfrog skeleton (D:13)
  16 orc priests
  7 iguanas
  25 orc wizards
  11 worker ants
  2 hound zombies
  2 mummies (Ossuary)
  A howler monkey zombie (D:8)
  A worker ant zombie (D:10)
  20 gnolls
  9 adders
  4 shadow imps
  3 oozes
  2 adder zombies
  6 worms
  3 leopard geckos
  74 orcs
  A ball python (D:1)
  A bat zombie (D:3)
  7 giant cockroaches
  8 goblins
  10 hobgoblins
  14 jackals
  52 kobolds
  4 quokkas
  12 bats
  9 frilled lizards
  2 goblin zombies (Ossuary)
  14 hobgoblin zombies (Ossuary)
  A jackal zombie (Ossuary)
  10 kobold zombies (Ossuary)
  2 leopard gecko skeletons
  5 orc zombies (Ossuary)
  2 quokka skeletons (D:4)
  5 rats
  2 rat zombies
  2 plants (D:7)
952 creatures vanquished.

Vanquished Creatures (others)
  A vault guard (D:14)
  An orc sorcerer (Orc:1)
  A centaur (D:14)
  An orc wizard (Orc:1)
  2 orcs (Orc:1)
  3 fungi
  13 plants
  11 toadstools (D:6)
  2 withered plants (D:15)
35 creatures vanquished.

Grand Total: 987 creatures vanquished

Notes
Turn   | Place    | Note
-------+----------+-------------------------------------------
     0 | D:1      | Kikorro the Minotaur Fighter began the quest for the Orb.
     0 | D:1      | Reached XP level 1. HP: 19/19 MP: 0/0
   169 | D:1      | Reached XP level 2. HP: 27/27 MP: 1/1
   331 | D:1      | Reached skill level 4 in Fighting
   534 | D:1      | Reached XP level 3. HP: 31/33 MP: 2/2
  1570 | D:2      | Reached XP level 4. HP: 37/40 MP: 3/3
  2174 | D:3      | Found a runed translucent gate.
  2174 | D:3      | Found a runed translucent gate.
  2174 | D:3      | Found a runed translucent gate.
  2174 | D:3      | Noticed Quickbrownfox's ghost (amateur MiHu)
  2267 | D:3      | Found an ancient bone altar of Kikubaaqudgha.
  2456 | D:3      | Found a sacrificial altar of Ru.
  2526 | D:3      | Reached XP level 5. HP: 44/47 MP: 4/4
  2581 | D:4      | Found a white marble altar of Elyvilon.
  2587 | D:4      | Found a staircase to the Ecumenical Temple.
  2587 | D:4      | Noticed a hippogriff
  2597 | D:4      | Killed a hippogriff
  2597 | D:4      | Reached skill level 5 in Maces & Flails
  2597 | D:4      | Reached skill level 5 in Armour
  2597 | D:4      | Reached skill level 1 in Dodging
  2597 | D:4      | Reached skill level 5 in Shields
  2597 | D:4      | Reached XP level 6. HP: 25/53 MP: 5/5
  2603 | Temple   | Entered the Ecumenical Temple
  2623 | Temple   | Became a worshipper of Makhleb the Destroyer
  2753 | D:4      | Found a shattered altar of Ashenzari.
  2760 | D:4      | Reached skill level 5 in Fighting
  2833 | D:4      | Found a basalt altar of Yredelemnul.
  2978 | D:4      | Found a sparkling altar of Nemelex Xobeh.
  2984 | D:4      | Found a stormy altar of Qazlal.
  3237 | D:4      | Noticed Menkaure
  3243 | D:4      | Killed Menkaure
  3243 | D:4      | Reached XP level 7. HP: 41/61 MP: 6/6
  3741 | D:5      | Entered Level 5 of the Dungeon
  3744 | D:5      | Found an opulent altar of Gozag.
  3804 | D:5      | Noticed Edmund
  3807 | D:5      | Noticed Eustachio
  3815 | D:5      | Killed Edmund
  3828 | D:5      | Killed Eustachio
  3828 | D:5      | Reached XP level 8. HP: 65/69 MP: 7/7
  3841 | D:5      | Reached * piety under Makhleb
  4188 | D:5      | Found Fimith's Antique Armour Boutique.
  4332 | D:6      | Reached skill level 6 in Fighting
  4345 | D:6      | Found a sand-covered staircase.
  4352 | Ossuary  | Entered an ossuary
  4400 | Ossuary  | Reached ** piety under Makhleb
  4563 | Ossuary  | Reached skill level 8 in Fighting
  4563 | Ossuary  | Reached skill level 5 in Dodging
  4563 | Ossuary  | Reached XP level 9. HP: 81/81 MP: 7/10
  4762 | D:6      | Reached skill level 10 in Maces & Flails
  4858 | D:5      | Reached *** piety under Makhleb
  4969 | D:6      | Reached XP level 10. HP: 88/88 MP: 11/11
  5861 | D:7      | Noticed Prince Ribbit
  5874 | D:7      | Killed Prince Ribbit
  5904 | D:7      | Reached **** piety under Makhleb
  6100 | D:7      | Noticed Duvessa
  6100 | D:7      | Noticed Joseph
  6112 | D:7      | Noticed Dowan
  6122 | D:7      | Killed Duvessa
  6132 | D:7      | Killed Joseph
  6141 | D:7      | Killed Dowan
  6141 | D:7      | Reached skill level 9 in Fighting
  6279 | D:7      | Found a shattered altar of Ashenzari.
  6336 | D:7      | Got a glittering bronze ring
  6338 | D:7      | Identified the ring of Noahi {Ice rN+ MR- Int+3 Stlth+}
                  | (You found it on level 7 of the Dungeon)
  6810 | D:8      | Got a clouded jade amulet
  6811 | D:8      | Identified the amulet "Atarph" {+Rage rElec MR+ Slay+2}
                  | (You found it on level 8 of the Dungeon)
  7568 | D:8      | Found a snail-covered altar of Cheibriados.
  7773 | D:9      | Reached ***** piety under Makhleb
  7931 | D:9      | Got a blackened flail
  7932 | D:9      | Identified the +5 flail of Fisiavea {crush, Str+4} (You
                  | found it on level 9 of the Dungeon)
  8098 | D:9      | Reached XP level 11. HP: 97/97 MP: 12/12
  8206 | D:9      | Found a staircase to the Lair.
  8302 | D:9      | Found a shadowy altar of Dithmenos.
  8803 | D:10     | Entered Level 10 of the Dungeon
  8883 | D:10     | Killed an unseen horror
  8883 | D:10     | Reached skill level 10 in Shields
  9028 | D:10     | Noticed a three-headed hydra
  9032 | D:10     | Killed a three-headed hydra
  9492 | Lair:1   | Entered Level 1 of the Lair of Beasts
  9622 | Lair:1   | Found a gate leading to a gauntlet.
  9631 | Gauntlet | Entered a Gauntlet
  9631 | Gauntlet | Found a transporter.
  9631 | Gauntlet | Found a transporter.
  9631 | Gauntlet | Noticed a death scarab
  9650 | Gauntlet | Found a transporter.
  9654 | Gauntlet | Found a transporter.
  9664 | Gauntlet | Found a transporter.
  9668 | Gauntlet | Found a transporter.
  9684 | Gauntlet | Found a transporter.
  9698 | Gauntlet | Noticed a hell hog
  9700 | Gauntlet | Found a transporter.
  9718 | Gauntlet | Found a transporter.
  9722 | Gauntlet | Found a transporter.
  9732 | Gauntlet | Found a transporter.
  9736 | Gauntlet | Found a transporter.
  9856 | Gauntlet | Noticed a deep troll
  9863 | Gauntlet | Noticed a two-headed ogre
  9863 | Gauntlet | a deep troll changed into a two-headed ogre
  9869 | Gauntlet | Noticed a shining eye
  9869 | Gauntlet | a two-headed ogre changed into a shining eye
  9871 | Gauntlet | a shining eye changed into a floating eye
  9873 | Gauntlet | Paralysed by a floating eye for 4 turns
  9905 | Gauntlet | Killed a hell hog
  9905 | Gauntlet | Reached skill level 10 in Fighting
  9918 | Gauntlet | Reached skill level 10 in Armour
 10122 | Gauntlet | Got a slimy amber ring
 10124 | Gauntlet | Identified the ring "Raaleczo" {*Tele rC+ Dex+2} (You found
                  | it in a Gauntlet)
 10192 | Gauntlet | Noticed a minotaur
 10204 | Gauntlet | Killed a minotaur
 10204 | Gauntlet | Reached XP level 12. HP: 31/106 MP: 13/13
 10877 | Lair:1   | Reached skill level 1 in Stealth
 11277 | Lair:2   | Found a staircase to the Snake Pit.
 11379 | Lair:2   | Found a staircase to the Shoals.
 11801 | Lair:2   | You fall through a shaft!
 12097 | Lair:3   | Noticed a five-headed hydra
 12100 | Lair:3   | Killed a five-headed hydra
 12102 | Lair:3   | Reached ****** piety under Makhleb
 12258 | Lair:3   | Noticed a four-headed hydra
 12264 | Lair:3   | Killed a four-headed hydra
 12662 | Lair:3   | Reached skill level 11 in Fighting
 12857 | Lair:4   | Noticed an eight-headed hydra
 12866 | Lair:4   | Killed an eight-headed hydra
 12870 | Lair:4   | Reached XP level 13. HP: 116/116 MP: 14/14
 13301 | Lair:4   | Noticed terix's ghost (journeyman DsNe)
 13308 | Lair:4   | Found a runed translucent door.
 13377 | Lair:4   | Got a pair of spiked gloves
 13388 | Lair:4   | Identified the +1 pair of gloves of Moral Flaws {Int-5
                  | Dex+4} (You found it on level 4 of the Lair of Beasts)
 13388 | Lair:4   | Lost intelligence.
 13878 | Lair:4   | Killed terix's ghost
 14289 | Lair:5   | You fall through a shaft!
 14289 | Lair:6   | Entered Level 6 of the Lair of Beasts
 14422 | Lair:6   | Reached skill level 12 in Fighting
 14439 | Lair:6   | Reached skill level 15 in Maces & Flails
 14918 | Lair:6   | Reached XP level 14. HP: 127/127 MP: 16/16
 15042 | Lair:6   | Got a twisted war axe
 15043 | Lair:6   | Identified the +1 war axe of Ziafeula {flame, rF+} (You
                  | found it on level 6 of the Lair of Beasts)
 16943 | D:11     | Found a staircase to the Orcish Mines.
 16956 | Orc:1    | Entered Level 1 of the Orcish Mines
 16967 | Orc:1    | Noticed a stone giant
 16988 | Orc:1    | Killed a stone giant
 16988 | Orc:1    | Reached skill level 5 in Invocations
 17236 | Orc:2    | Entered Level 2 of the Orcish Mines
 17370 | Orc:1    | Found Gaf Toir's General Store.
 17401 | Orc:1    | Reached skill level 15 in Shields
 17429 | Orc:1    | Noticed Fannar
 17459 | Orc:1    | Killed Fannar
 17459 | Orc:1    | Reached skill level 13 in Fighting
 17506 | Orc:1    | Noticed an orc warlord
 17520 | Orc:1    | Killed an orc warlord
 18114 | Orc:2    | Reached XP level 15. HP: 131/137 MP: 18/18
 18304 | Orc:2    | Found a staircase to the Elven Halls.
 18415 | Orc:2    | Found Ipefam's Book Shoppe.
 18415 | Orc:2    | Found Diefuami's General Store.
 18416 | Orc:2    | Found Viaxos's Armour Boutique.
 18416 | Orc:2    | Found Ryadwump's General Store.
 18566 | Orc:1    | Found Jisiut's Book Emporium.
 19035 | D:12     | Reached skill level 14 in Fighting
 19392 | D:12     | Found Qiegrielurph's Gadget Boutique.
 19427 | D:12     | Noticed Gastronok
 19431 | D:12     | Noticed Jorgrun
 19437 | D:12     | Killed Gastronok
 19448 | D:12     | Killed Jorgrun
 19488 | D:12     | Bought a phial of floods for 400 gold pieces
 19488 | D:12     | Bought a fan of gales for 400 gold pieces
 19488 | D:12     | Bought a lightning rod (4/4) for 400 gold pieces
 19932 | D:13     | Found Zuyferhop's Assorted Antiques.
 20392 | D:13     | Reached skill level 15 in Fighting
 20454 | D:13     | Got a faintly glowing ring mail
 20465 | D:13     | Identified the +2 ring mail "Ocvep" {rElec Dex+4} (You
                  | found it on level 13 of the Dungeon)
 21452 | D:14     | Found a gate to the Vaults.
 21567 | D:15     | Entered Level 15 of the Dungeon
 21586 | D:15     | Noticed Azrael
 21600 | D:15     | Killed Azrael
 21644 | D:15     | Found a staircase to the Depths.
 21715 | D:15     | Reached XP level 16. HP: 151/151 MP: 21/21
 21753 | D:15     | Reached skill level 16 in Fighting
 21936 | D:15     | Reached skill level 15 in Armour
 22080 | D:15     | Found a burning altar of Makhleb.
 22544 | D:15     | Found a burning altar of Makhleb.
 22545 | D:15     | Found the cursed +14 obsidian axe {chop, +Fly SInv *Curse}
 22566 | D:15     | Gained mutation: You are dopey. (Int -2) [a neqoxec]
 22696 | D:15     | Gained mutation: You do not regenerate when monsters are
                  | visible. [a neqoxec]
 23054 | Shoals:1 | Entered Level 1 of the Shoals
 23174 | Shoals:1 | You fall through a shaft!
 23239 | Shoals:2 | Reached skill level 17 in Fighting
 24136 | Shoals:3 | Noticed Polyphemus
 24841 | Shoals:3 | HP: 4/155 [Polyphemus (13)]
 24847 | Shoals:3 | Slain by Polyphemus

Skill      XL: |  1  2  3  4  5  6  7  8  9 10 11 12 13 14 15 16 |
---------------+-------------------------------------------------+-----
Fighting       | 4 5 8 9 10 11 12 13 15 17 | 17.5
Shields        | 4 5 8 9 11 12 14 16 | 16.2
Maces & Flails | 3 4 5 6 7 9 10 11 13 14 15 | 15.0
Armour         | 4 5 6 8 9 10 11 12 13 14 16 | 16.1
Dodging        | 1 2 5 6 7 8 |  8.7
Throwing       | 4 |  4.0
Invocations    | 3 4 6 8 9 |  9.7
Evocations     | 3 4 |  4.0
Stealth        | 1 2 |  2.1

Action                   |  1- 3 |  4- 6 |  7- 9 | 10-12 | 13-15 | 16-18 || total
-------------------------+-------+-------+-------+-------+-------+-------++-------
Melee: Flail             |   128 |   150 |   303 |   717 |  1296 |   532 ||  3126
       Headbutt          |    14 |    20 |    60 |   175 |   353 |   164 ||   786
 Abil: Evoke Flight      |       |       |       |       |       |     2 ||     2
Evoke: Wand              |       |       |       |     3 |       |       ||     3
       Phial of floods   |       |       |       |       |     1 |     1 ||     2
       Fan of gales      |       |       |       |       |       |     2 ||     2
  Use: Scroll            |     2 |     7 |     3 |     8 |    15 |     2 ||    37
       Potion            |       |       |     2 |     1 |       |     3 ||     6
 Stab: Petrified         |       |       |       |       |     2 |       ||     2
  Eat: Chunk             |     2 |     6 |     6 |    19 |    27 |     8 ||    68
       Ration            |       |       |       |     2 |     1 |     1 ||     4
Armor: Scale mail        |    57 |    73 |   111 |    25 |       |       ||   266
       Chain mail        |       |       |       |   195 |   181 |       ||   376
       Plate armour      |       |       |       |       |   349 |   252 ||   601
Dodge: Dodged            |    50 |    58 |   106 |   191 |   399 |   296 ||  1100
Block: Shield            |    59 |    72 |   167 |   365 |   834 |   433 ||  1930
